 Dungeon Crawl Stone Soup version 0.32-a0-779-g362cfcae2a (webtiles) character file.

Game seed: 1392297706269255616

155563 mdk the Nimble (level 17, -7/102 HPs)
             Began as a Deep Elf Conjurer on Mar 19, 2024.
             Was a High Priest of Vehumet.
             Killed from afar by a moon troll (42 damage)
             ... with a bolt of acid
             ... in a wizard's laboratory.
             The game lasted 01:26:51 (38406 turns).

mdk the Nimble (Deep Elf Conjurer)                 Turns: 38406, Time: 01:26:52

Health: -7/102     AC:  4    Str:  9    XL:     17   Next: 8%
Magic:  22/43      EV: 18    Int: 34    God:    Vehumet [*****.]
Gold:   262        SH:  7    Dex: 17    Spells: 2/39 levels left

rFire   + + +        a - staff of conjuration
rCold   + + .        y - +0 buckler {rC+}
rNeg    + . .        A - +1 robe of Vines {NoPotionHeal Regen++++}
rPois   +            L - +0 hat {SInv}
rElec   +            m - +2 cloak {rF+}
rCorr   .            W - +1 pair of gloves "Araoso" {rPois Str+2 Int+2 Dex+4}
SInv    +            (no boots)
Will    ++...        F - amulet of the Scorching Gods {+Blink Regen+ Str+3}
Stlth   +++++        i - ring of Eternal Harmony {rElec rF+ Will+ MP+9 SInv}
HPRegen 4.37/turn    O - ring of Jeul Pae {^Drain rPois rF+ rC+ rN+}
MPRegen 0.28/turn

%: no passive effects
@: corroded, studying Ice Magic
A: no striking features
a: Renounce Religion, Evoke Blink


You were in a wizard's laboratory.
You worshipped Vehumet.
Vehumet was extremely pleased with you.
You visited 6 branches of the dungeon, and saw 25 of its levels.
You visited 1 bazaar.
You also visited: Sewer, Bailey, Gauntlet, Ice Cave, Volcano and Wizlab.

You collected 3296 gold pieces.
You spent 3034 gold pieces at shops.

Inventory:

Missiles
 c - 9 throwing nets
 C - 3 curare-tipped darts
Armour
 m - a +2 cloak of fire resistance (worn)
 y - a +0 buckler of cold resistance (worn)
 A - the +1 robe of Vines (worn) {NoPotionHeal Regen++++}
   (You found it in a bailey)

   NoPotionHeal: Its wearer cannot be healed by potions.
   Regen++++: It increases your rate of health regeneration.
 L - a +0 hat of see invisible (worn)
 W - the +1 pair of gloves "Araoso" (worn) {rPois Str+2 Int+2 Dex+4}
   (You found it in a Gauntlet)

   Str+2:     It affects your strength (+2).
   Int+2:     It affects your intelligence (+2).
   Dex+4:     It affects your dexterity (+4).
   rPois:     It protects you from poison.
Magical Staves
 a - a staff of conjuration (weapon)
Jewellery
 i - the ring of Eternal Harmony (left hand) {rElec rF+ Will+ MP+9 SInv}
   (You found it in a wizard's laboratory)

   [ring of willpower]

   rF+:       It protects you from fire.
   rElec:     It insulates you from electricity.
   Will+:     It increases your willpower.
   MP+9:      It affects your magic capacity (+9).
   SInv:      It lets you see invisible.
 F - the amulet of the Scorching Gods (around neck) {+Blink Regen+ Str+3}
   (You found it on level 5 of the Lair of Beasts)

   [amulet of regeneration]

   Str+3:     It affects your strength (+3).
   +Blink:    It lets you blink.
   Regen+:    It increases your rate of health regeneration.
 O - the ring of Jeul Pae (right hand) {^Drain rPois rF+ rC+ rN+}
   (You acquired it on level 2 of the Orcish Mines)

   [ring of poison resistance]

   rF+:       It protects you from fire.
   rC+:       It protects you from cold.
   rPois:     It protects you from poison.
   rN+:       It protects you from negative energy.
   ^Drain:    It drains your maximum health when unequipped.
 Q - the ring of Winter {rCorr Dex+3 SInv}
   (You found it in a Gauntlet)

   [ring of see invisible]

   Dex+3:     It affects your dexterity (+3).
   SInv:      It lets you see invisible.
   rCorr:     It protects you from acid and corrosion.
Wands
 g - a wand of mindburst (9)
 l - a wand of charming (25)
 o - a wand of flame (27)
 z - a wand of iceblast (8)
 K - a wand of digging (7)
 M - a wand of quicksilver (4)
Scrolls
 b - 3 scrolls of poison
 k - 10 scrolls of teleportation
 x - 2 scrolls of fear
 G - a scroll of amnesia
 V - a scroll of fog
Potions
 d - 9 potions of mutation
 e - 12 potions of heal wounds
 f - 13 potions of curing
 h - 7 potions of brilliance
 j - a potion of invisibility
 n - 3 potions of ambrosia
 p - 2 potions of lignification
 q - 2 potions of magic
 r - 6 potions of haste
 s - 2 potions of attraction
 t - 2 potions of resistance
 w - 6 potions of enlightenment
 B - a potion of cancellation
 I - 3 potions of might
 J - 3 potions of berserk rage
Miscellaneous
 u - a lightning rod (4/4)
 E - a tin of tremorstones (2/2)


   Skills:
 + Level 10.2 Fighting
 * Level 8.1 Staves
 + Level 12.6 Dodging
 - Level 10.0 Stealth
 - Level 10.0 Shields
 + Level 11.8 Spellcasting
 * Level 12.3 Conjurations
 - Level 10.0 Necromancy
 * Level 6.4 Fire Magic
 * Level 9.6 Earth Magic
 - Level 10.0 Alchemy
 - Level 10.0 Evocations


You had 2 spell levels left.
You knew the following spells:

 Your Spells              Type           Power      Damage    Failure   Level
a - Magic Dart            Conj           100%       1d8       0%          1
b - Searing Ray           Conj           100%       2d8       1%          2
c - Freezing Cloud        Conj/Ice/Air   32%        6-21      4%          5
e - Iskenderun's Battles  Conj           100%       2d15      1%          5
f - Fireball              Conj/Fire      45%        3d18      1%          5
g - Fulminant Prism       Conj/Alch      48%        3d21      1%          4
l - Borgnjor's Vile Clut  Necr/Erth      36%        N/A       1%          5
m - Iskenderun's Mystic   Conj/Tloc      75%        2d15      1%          4
p - Permafrost Eruption   Ice/Erth       26%        2x4d8     16%         6

Your spell library contained the following spells:

 Spells                   Type           Power      Damage    Failure   Level
 Freeze                   Ice            80%        1d9       1%          1
 Necrotise                Necr           100%       1d9       1%          1
 Shock                    Conj/Air       100%       1d9       1%          1
 Cigotuvi's Dreadful Rot  Necr/Alch/Air  100%       N/A       1%          2
 Apportation              Tloc           40%        N/A       3%          1
 Ensorcelled Hibernation  Hex/Ice        40%        N/A       4%          2
 Jinxbite                 Hex            40%        N/A       4%          2
 Hailstorm                Conj/Ice       75%        3d13      1%          3
 Vampiric Draining        Necr           73%        2d11      1%          3
 Animate Dead             Necr           73%        N/A       1%          4
 Leda's Liquefaction      Alch/Erth      36%        N/A       1%          4
 Olgreb's Toxic Radiance  Alch           73%        N/A       1%          4
 Alistair's Intoxication  Alch           48%        N/A       1%          5
 Curse of Agony           Necr           73%        N/A       1%          5
 Bombard                  Conj/Erth      48%        9d8       1%          6
 Frozen Ramparts          Ice            40%        1d7       2%          3
 Eringya's Noxious Bog    Alch           36%        4d6       2%          6
 Anguish                  Hex/Necr       26%        N/A       3%          4
 Martyr's Knell           Necr/Summ      52%        N/A       3%          4
 Yara's Violent Unravell  Hex/Alch       26%        3d11      3%          5
 Orb of Destruction       Conj           51%        9d13      4%          7
 Airstrike                Air            10%        2d(2-18)  8%          4
 Death Channel            Necr           36%        N/A       8%          6
 Call Canine Familiar     Summ           20%        N/A       9%          3
 Gell's Gravitas          Tloc           20%        N/A       9%          3
 Sigil of Binding         Hex            20%        N/A       9%          3
 Swiftness                Air            20%        N/A       9%          3
 Teleport Other           Tloc           20%        N/A       9%          3
 Cause Fear               Hex            10%        N/A       28%         4
 Dimensional Bullseye     Hex/Tloc       10%        N/A       28%         4
 Spellforged Servitor     Conj/Summ      37%        N/A       43%         7
 Summon Forest            Summ/Tloc      10%        N/A       63%         5
 Haunt                    Necr/Summ      26%        N/A       97%         7
 Borgnjor's Revivificati  Necr           36%        N/A       97%         8
 Dispersal                Tloc           10%        N/A       99%         6
 Ozocubu's Refrigeration  Ice            10%        4d9       99%         7
 Summon Hydra             Summ           10%        N/A       100%        7
 Discord                  Hex            10%        N/A       100%        8
 Chain Lightning          Conj/Air       37%        3d50      100%        9
 Death's Door             Necr           36%        N/A       100%        9
 Dragon's Call            Summ           10%        N/A       100%        9
 Fire Storm               Conj/Fire      45%        8d11      100%        9


Dungeon Overview and Level Annotations

Branches:
Dungeon (15/15)            Temple (1/1) D:4            Lair (5/5) D:8
  Swamp (1/4) Lair:3       Spider (0/4) Lair:2        Slime (0/5) Lair:5
    Orc (2/2) D:11            Elf (1/3) Orc:2        Vaults (0/5) D:13
 Depths (0/4) D:15          Sewer (visited)          Bailey (visited)
  IceCv (visited)         Volcano (visited)          WizLab (1/1)
Gauntlet (visited)

Altars:
Ashenzari
Cheibriados
Dithmenos
Elyvilon
Fedhas
Gozag
Hepliaklqana
Kikubaaqudgha
Makhleb
Nemelex Xobeh
Okawaru
Qazlal
Ru
Sif Muna
Trog
Uskayaw
Vehumet
Wu Jian
Xom
Yredelemnul
Zin
The Shining One

Shops:
D:5 (   D:8 :   D:13 =   Orc:1 !   Orc:2 :?[[=?(?:

Annotations:
D:2 1 runed translucent door, Crazy Yiuf
D:3 2 transporters WizLab 1 transporter


Message History

Your fulminant prism explodes!
The blast of energy engulfs the moon troll!!
The moon troll is severely wounded.
The blast of energy engulfs the purple very ugly thing!
The purple very ugly thing is almost dead.
The blast of energy engulfs the brown ugly thing!!
The brown ugly thing is heavily wounded.
The blast of energy engulfs the brown ugly thing!!!
You kill the brown ugly thing!
Vehumet accepts your kill.
You feel your power returning.
The blast of energy engulfs the green very ugly thing!!
You kill the green very ugly thing!
Vehumet accepts your kill.
You feel your power returning.
Unknown command.
Unknown command.
Your system rejects the healing.
You feel better.
The brown ugly thing is engulfed in freezing vapours.
Unknown command.
Casting: Fulminant Prism (safe; 1% risk of failure)
Confirm with . or Enter, or press ? or * to list all spells.
You feel a surge of power!
You erupt in a blast of force!
The mystic blast hits the brown ugly thing!!
The brown ugly thing is almost dead.
The brown ugly thing is knocked back by the mystic blast.
The mystic blast hits the moon troll but does no damage.
The moon troll is severely wounded.
The mystic blast hits the purple very ugly thing!
The purple very ugly thing is almost dead.
The purple very ugly thing is knocked back by the mystic blast.
The moon troll casts a spell at you. The bolt of acid misses you.
The brown ugly thing is engulfed in freezing vapours.
You kill the brown ugly thing!
Vehumet accepts your kill.
You feel your power returning.
The moon troll points at you and mumbles some strange words.
The bolt of acid hits you!!!
You die...

#..##...###P#'''#P### #.......###
#...#####.###...###.###..##..###.
##.....'................###..##..
.##....'...#.###.#......###.....#
.=#######...........#...##......#
#.......##.........##.......###..
.........#..#####..#.......####..
.#(#.....####.T.####...##..###...
...#...###§§§.u.@©#...###.......#
......##..§§§§...##..###......###
.....##...§§######...##.......# #
#....#....### ##.......##..# #
#...##...## ..##....###...#
#...#...## ...##.###.....#
#...#...# #?:###....#..#
...##...#. #?##...#....##
...#...u.. #/)#..##.....#


You could see a purple very ugly thing and a moon troll.

Vanquished Creatures
  Gastronok (Lair:3)
  6 tentacled starspawn (WizLab)
  A frost giant (IceCv)
  A fire giant (D:13)
  A cacodemon (WizLab)
  3 stone giants (WizLab)
  3 very ugly things (WizLab)
  Nessos (D:15)
  2 dire elephants (Lair:5)
  A red draconian (Volcano)
  4 starcursed masses (WizLab)
  A war gargoyle (WizLab)
  A minotaur (Gauntlet)
  2 quicksilver dragon zombies (D:15)
  A crystal guardian (WizLab)
  Josephine (D:11)
  2 great orbs of eyes (WizLab)
  3 catoblepae
  2 vault guards (D:13)
  Harold (D:10)
  3 hydras
  5 centaur warriors (D:13)
  An ogre mage (Volcano)
  5 boulder beetles
  22 death yaks
  9 two-headed ogres
  A tengu warrior (D:15)
  A vampire mage (D:15)
  2 thrashing horrors (Gauntlet)
  4 orc high priests
  A deep elf knight (Elf:1)
  A deep troll earth mage (D:13)
  A skyshark (Lair:5)
  2 wretched stars (WizLab)
  12 skeletal warriors
  Amaemon (Lair:3)
  A spriggan druid (Swamp:1)
  2 arcanists (D:13)
  A spectral anaconda (Lair:5)
  A deep elf archer (Elf:1)
  7 glowing orange brains (WizLab)
  An orange crystal statue (WizLab)
  An obsidian statue (Lair:5)
  6 necromancers
  An obsidian bat (Orc:2)
  9 deep elf pyromancers
  6 orc knights
  A manticore (D:14)
  4 ugly things (WizLab)
  3 deep elf zephyrmancers (Elf:1)
  2 oklob plants
  3 orc sorcerers (Orc:2)
  5 cyclopes
  2 dire elephant zombies (Lair:5)
  An ice statue (IceCv)
  22 elephants
  2 black mambas
  3 kobold blastminers (Orc:2)
  9 cane toads
  An orange demon (Lair:3)
  9 eyes of devastation (WizLab)
  A minotaur zombie (Gauntlet)
  2 gargoyles
  4 rime drakes
  3 unseen horrors
  5 komodo dragons
  8 kobold demonologists
  Psyche (D:9)
  2 trolls
  15 polar bears
  Grinder (D:3)
  4 hornets
  Prince Ribbit (D:5)
  A blink frog (shapeshifter) (D:13)
  12 blink frogs
  4 dream sheep (Lair:4)
  11 slime creatures
  2 spriggans (Swamp:1)
  A dire elephant simulacrum (Lair:5)
  5 wraiths
  2 ynoxinuls (D:12)
  A shadow (D:11)
  A water elemental (D:12)
  20 humans (D:13)
  5 wyverns
  2 wargs
  76 yaks
  A golden eye (shapeshifter) (Elf:1)
  3 redbacks (Lair:2)
  3 steam dragons
  3 basilisks
  11 vampire mosquitoes
  4 neqoxecs (WizLab)
  2 acid dragons
  2 spectral cane toads (Lair:5)
  5 swamp worms
  6 water moccasins
  2 hell hounds (Lair:2)
  3 black bears
  24 orc warriors
  A sky beast (D:6)
  A swamp drake (Swamp:1)
  An elephant zombie (Lair:5)
  3 laughing skulls (Gauntlet)
  6 ogres
  3 centaurs (D:13)
  31 wolves
  4 phantoms
  9 kobold brigands
  A brain worm (shapeshifter) (D:11)
  9 gnoll sergeants
  4 scorpions
  16 bullfrogs
  4 small abominations (Gauntlet)
  A cane toad simulacrum (Lair:5)
  3 wights (D:7)
  An elephant simulacrum (Lair:5)
  17 killer bees
  6 howler monkeys
  A lava snake (D:7)
  A bullfrog zombie (D:4)
  3 jellies
  11 gnoll boudas
  7 hounds
  13 orc priests
  A human zombie (D:4)
  7 iguanas
  18 orc wizards
  4 scorpion zombies (D:4)
  24 gnolls
  12 adders
  A shadow imp (D:4)
  2 white imps
  6 ufetubi (D:12)
  An adder zombie (D:4)
  An adder skeleton (D:4)
  11 dart slugs
  56 orcs
  15 ball pythons
  17 endoplasms
  10 giant cockroaches
  5 goblins
  5 hobgoblins
  4 quokkas
  3 training dummies (D:5)
  17 frilled lizards
  38 kobolds
  6 rats
  8 starspawn tentacles (WizLab)
900 creatures vanquished.

Vanquished Creatures (others)
  A yak (Lair:2)
  8 foxfires (Swamp:1)
  291 fulminant prisms
  4 starspawn tentacles (WizLab)
304 creatures vanquished.

Grand Total: 1204 creatures vanquished

Notes
Turn   | Place    | Note
-------+----------+-------------------------------------------
     0 | D:1      | mdk the Deep Elf Conjurer began the quest for the Orb.
     0 | D:1      | Reached XP level 1. HP: 10/10 MP: 6/6
   150 | D:1      | Found a faded altar of an unknown god.
   227 | D:1      | Reached XP level 2. HP: 15/15 MP: 4/8
   230 | D:1      | Learned a level 2 spell: Searing Ray
   805 | D:1      | Reached skill level 5 in Conjurations
  1011 | D:2      | Reached XP level 3. HP: 18/19 MP: 3/10
  1340 | D:2      | Reached XP level 4. HP: 24/24 MP: 8/12
  1345 | D:2      | Learned a level 4 spell: Fulminant Prism
  1351 | D:2      | Learned a level 4 spell: Iskenderun's Mystic Blast
  2127 | D:2      | Found a runed translucent door.
  2128 | D:2      | Noticed Crazy Yiuf
  2156 | D:2      | Reached skill level 1 in Alchemy
  2498 | D:3      | Noticed Grinder
  2503 | D:3      | Reached XP level 5. HP: 28/28 MP: 8/13
  2513 | D:3      | Paralysed by Grinder for 4 turns
  2647 | D:3      | Paralysed by Grinder for 4 turns
  2656 | D:3      | Killed Grinder
  2657 | D:3      | Reached skill level 5 in Spellcasting
  2657 | D:3      | Reached XP level 6. HP: 32/32 MP: 2/15
  2843 | D:3      | Found a transporter.
  2846 | D:3      | Found a transporter.
  2892 | D:3      | Noticed a toenail golem
  3194 | D:4      | Found a bloodstained altar of Trog.
  3199 | D:4      | Identified the +8 flail "Omeujof" {speed, Will+}
  3366 | D:4      | Reached XP level 7. HP: 36/36 MP: 11/17
  3443 | D:4      | Found a shimmering blue altar of Sif Muna.
  3515 | D:4      | Found a staircase to the Ecumenical Temple.
  3524 | Temple   | Entered the Ecumenical Temple
  4112 | D:4      | Found an ancient bone altar of Kikubaaqudgha.
  4188 | D:4      | Reached skill level 5 in Alchemy
  4549 | D:5      | Entered Level 5 of the Dungeon
  4574 | D:5      | Found Fierudue's Firing Range.
  4774 | D:5      | Reached XP level 8. HP: 37/41 MP: 8/19
  4778 | D:5      | Found a glowing drain.
  4809 | Sewer    | Entered a sewer
  5957 | D:5      | Noticed Prince Ribbit
  5964 | D:5      | Killed Prince Ribbit
  6296 | D:6      | Reached XP level 9. HP: 45/45 MP: 9/22
  6740 | D:6      | Reached skill level 10 in Conjurations
  7252 | D:6      | Reached skill level 1 in Fighting
  7898 | D:7      | Reached skill level 1 in Shields
  7984 | D:7      | Found a flagged portal.
  8031 | Bailey   | Entered a bailey
  8272 | Bailey   | Reached XP level 10. HP: 54/54 MP: 10/25
  8536 | Bailey   | Identified the +3 mace of the Tomato {flame, Dex+3}
  8756 | Bailey   | Found the +1 robe of Vines {NoPotionHeal Regen++++}
  8812 | Bailey   | Identified the +0 ring mail of Knowledge {Dex+2}
  8993 | D:7      | Reached skill level 5 in Dodging
  9067 | D:7      | Reached skill level 10 in Spellcasting
  9208 | D:7      | Noticed a two-headed ogre
  9217 | D:7      | Killed a two-headed ogre
  9335 | D:7      | You fall into a shaft and drop 2 floors!
  9336 | D:9      | Noticed a gargoyle
  9349 | D:9      | Killed a gargoyle
  9563 | D:9      | Noticed Psyche
  9666 | D:9      | Killed Psyche
 10187 | D:9      | Noticed a two-headed ogre
 10198 | D:9      | Killed a two-headed ogre
 10199 | D:9      | Reached skill level 10 in Alchemy
 10199 | D:9      | Reached XP level 11. HP: 62/62 MP: 15/27
 10356 | D:8      | Found Nagaonoe's Book Shoppe.
 10369 | D:8      | Bought Iwoh's Anthology of the Salvo and Hexing for 392
                  | gold pieces
 10375 | D:8      | Learned a level 5 spell: Iskenderun's Battlesphere
 10990 | D:8      | Reached skill level 1 in Evocations
 11183 | D:8      | Found a white marble altar of Elyvilon.
 11184 | D:8      | Found an ornate altar of the Wu Jian Council.
 11192 | D:8      | Found a blossoming altar of Fedhas.
 11192 | D:8      | Found a radiant altar of Vehumet.
 11194 | D:8      | Found a broken altar of Ashenzari.
 11199 | D:8      | Found a glowing silver altar of Zin.
 11204 | D:8      | Became a worshipper of Vehumet
 11456 | D:8      | Found a hide-covered altar of Uskayaw.
 11581 | D:8      | Found a staircase to the Lair.
 11786 | D:8      | Found a bloodstained altar of Trog.
 12054 | Lair:1   | Entered Level 1 of the Lair of Beasts
 12057 | Lair:1   | Noticed a boulder beetle
 12213 | D:8      | Killed a boulder beetle
 12214 | D:8      | Reached skill level 5 in Fighting
 12617 | Lair:1   | Reached skill level 5 in Stealth
 12617 | Lair:1   | Reached skill level 5 in Shields
 12874 | Lair:1   | Reached * piety under Vehumet
 12874 | Lair:1   | Offered knowledge of Freeze by Vehumet.
 13216 | Lair:1   | Noticed an oklob plant
 13230 | Lair:1   | Killed an oklob plant
 13452 | Lair:2   | Reached XP level 12. HP: 69/69 MP: 22/28
 13467 | Lair:2   | Reached skill level 5 in Evocations
 13646 | Lair:2   | Reached ** piety under Vehumet
 13657 | Lair:2   | Offered knowledge of Kiss of Death by Vehumet.
 13710 | Lair:2   | Found a dark tunnel.
 13791 | Volcano  | Entered a volcano
 13823 | Volcano  | Noticed a red draconian
 13823 | Volcano  | Noticed a two-headed ogre
 13859 | Volcano  | Noticed a two-headed ogre
 13984 | Volcano  | Noticed a two-headed ogre
 13984 | Volcano  | Noticed a two-headed ogre
 13984 | Volcano  | Noticed an ogre mage
 13994 | Volcano  | Killed a two-headed ogre
 13997 | Volcano  | Killed an ogre mage
 13997 | Volcano  | Killed a two-headed ogre
 13998 | Volcano  | Reached skill level 10 in Dodging
 14115 | Volcano  | Killed a red draconian
 14123 | Volcano  | Killed a two-headed ogre
 14208 | Volcano  | Killed a two-headed ogre
 14573 | Lair:2   | Learned a level 5 spell: Borgnjor's Vile Clutch
 14970 | Lair:2   | Found a hole to the Spider Nest.
 15472 | Lair:3   | Noticed Gastronok
 15505 | Lair:3   | Killed Gastronok
 15506 | Lair:3   | Reached skill level 1 in Necromancy
 15506 | Lair:3   | Reached skill level 1 in Earth Magic
 15506 | Lair:3   | Reached XP level 13. HP: 76/76 MP: 1/29
 15718 | Lair:3   | Found a staircase to the Swamp.
 15985 | Lair:3   | Offered knowledge of Hailstorm by Vehumet.
 16202 | Lair:3   | Noticed Amaemon
 16215 | Lair:3   | Killed Amaemon
 17057 | Lair:4   | Reached *** piety under Vehumet
 17114 | Lair:4   | Found a gate leading to a gauntlet.
 17149 | Gauntlet | Entered a Gauntlet
 17149 | Gauntlet | Found a transporter.
 17149 | Gauntlet | Found a transporter.
 17167 | Gauntlet | Found a transporter.
 17171 | Gauntlet | Found a transporter.
 17183 | Gauntlet | Found a transporter.
 17184 | Gauntlet | Found a transporter.
 17190 | Gauntlet | Found a runed translucent door.
 17193 | Gauntlet | Found a transporter.
 17208 | Gauntlet | Found a transporter.
 17210 | Gauntlet | Noticed a reaper
 17223 | Gauntlet | Found a transporter.
 17226 | Gauntlet | Found a transporter.
 17234 | Gauntlet | Found a transporter.
 17238 | Gauntlet | Found a transporter.
 17583 | Gauntlet | Offered knowledge of Volatile Blastmotes by Vehumet.
 17599 | Gauntlet | Identified the ring of Winter {rCorr Dex+3 SInv}
 17814 | Gauntlet | Identified the +5 hand axe of the Sun {drain, rElec rN+
                  | Dex+3}
 17814 | Gauntlet | Noticed a minotaur
 17823 | Gauntlet | Killed a minotaur
 17828 | Gauntlet | Identified the +1 pair of gloves "Araoso" {rPois Str+2
                  | Int+2 Dex+4}
 18052 | Gauntlet | Identified the +4 falchion "Jellyslayer" {flame, rPois
                  | Will+ Stlth+}
 18226 | Lair:4   | Reached skill level 10 in Stealth
 18528 | Lair:4   | Got the Information on Lucent Malisons
 18981 | Lair:4   | Reached **** piety under Vehumet
 18989 | Lair:4   | Reached skill level 1 in Staves
 19189 | Lair:5   | Entered Level 5 of the Lair of Beasts
 19195 | Lair:5   | Offered knowledge of Freezing Cloud by Vehumet.
 19196 | Lair:5   | Reached skill level 5 in Necromancy
 19333 | Lair:5   | Found a frozen archway.
 19345 | Lair:5   | Reached XP level 14. HP: 81/84 MP: 20/30
 19382 | IceCv    | Entered an ice cave
 19396 | IceCv    | Learned a level 5 spell: Freezing Cloud
 19521 | IceCv    | Reached skill level 5 in Earth Magic
 19731 | IceCv    | Reached ***** piety under Vehumet
 19731 | IceCv    | Offered knowledge of Starburst by Vehumet.
 20534 | IceCv    | Noticed a frost giant
 20551 | IceCv    | Killed a frost giant
 21543 | Lair:5   | Learned a level 5 spell: Fireball
 21752 | Lair:5   | Found a staircase to the Slime Pits.
 23867 | Lair:5   | Offered knowledge of Brom's Barrelling Boulder by Vehumet.
 23873 | Lair:5   | Reached XP level 15. HP: 89/89 MP: 5/31
 24083 | Lair:5   | Identified the amulet of the Scorching Gods {+Blink Regen+
                  | Str+3}
 24742 | D:10     | Entered Level 10 of the Dungeon
 24810 | D:10     | Noticed Harold
 24817 | D:10     | Killed Harold
 24818 | D:10     | Reached skill level 10 in Evocations
 24991 | D:10     | Reached skill level 5 in Staves
 26567 | D:11     | Noticed Josephine
 26571 | D:11     | Killed Josephine
 26716 | D:11     | Found a staircase to the Orcish Mines.
 27129 | Orc:1    | Entered Level 1 of the Orcish Mines
 27129 | Orc:1    | Found Sopsimem's Distillery.
 27312 | Orc:2    | Entered Level 2 of the Orcish Mines
 27320 | Orc:2    | Offered knowledge of Arcjolt by Vehumet.
 27321 | Orc:2    | Reached skill level 1 in Fire Magic
 27534 | Orc:2    | Found Ephifaof's Magic Scroll Boutique.
 27617 | Orc:2    | Found Voxt's Book Emporium.
 27681 | Orc:2    | Found Onang's Antique Weapon Shop.
 27682 | Orc:2    | Found a staircase to the Elven Halls.
 27954 | Orc:2    | Found a radiant altar of Vehumet.
 28220 | Orc:2    | Found Zynumo's Book Boutique.
 28468 | Orc:2    | Found Othi's Magic Scroll Emporium.
 28468 | Orc:2    | Found Deriy's Jewellery Boutique.
 28470 | Orc:2    | Found Ecaimun's Antique Armour Emporium.
 28470 | Orc:2    | Found Jekhlil's Armour Boutique.
 28535 | Orc:2    | Found Zotaelao's Magic Scroll Boutique.
 29390 | Orc:2    | Bought Sif Muna's Book of the Queen Bee and Flames for 480
                  | gold pieces
 29390 | Orc:2    | Bought a book of Power for 420 gold pieces
 29436 | Orc:2    | Bought Sif Muna's Directory of Wild Desecration for 570
                  | gold pieces
 29490 | Orc:2    | Bought a scroll of acquirement for 780 gold pieces
 31329 | D:13     | Offered knowledge of Lee's Rapid Deconstruction by Vehumet.
 31499 | D:13     | Noticed a fire giant
 31849 | D:13     | Killed a fire giant
 32044 | D:13     | Found Qavecehant's Jewellery Emporium.
 32054 | D:13     | Acquired the ring of Jeul Pae {^Drain rPois rF+ rC+ rN+}
 32182 | D:13     | Reached XP level 16. HP: 96/96 MP: 18/33
 32219 | D:13     | Found a gate to the Vaults.
 32825 | D:14     | Found a hide-covered altar of Uskayaw.
 33575 | D:15     | Entered Level 15 of the Dungeon
 33598 | D:15     | Noticed Nessos
 33603 | D:15     | Found a flickering gateway to a bazaar.
 33616 | D:15     | Killed Nessos
 33780 | Bazaar   | Entered a bazaar
 33782 | Bazaar   | Found Boip Wocs's Distillery.
 33786 | Bazaar   | Found Pynanosi's Distillery.
 33786 | Bazaar   | Found Laebead's General Store.
 33787 | Bazaar   | Found Siatui's Distillery.
 33803 | Bazaar   | Bought a potion of mutation for 144 gold pieces
 33809 | Bazaar   | Bought a potion of heal wounds for 40 gold pieces
 33809 | Bazaar   | Bought a potion of curing for 24 gold pieces
 33809 | Bazaar   | Bought a potion of curing for 24 gold pieces
 33809 | Bazaar   | Bought a potion of brilliance for 32 gold pieces
 33809 | Bazaar   | Bought a potion of heal wounds for 40 gold pieces
 33809 | Bazaar   | Bought a potion of heal wounds for 40 gold pieces
 33821 | Bazaar   | Bought a potion of brilliance for 48 gold pieces
 33863 | D:15     | Found a staircase to the Depths.
 35153 | Swamp:1  | Entered Level 1 of the Swamp
 35172 | Swamp:1  | Noticed a tentacled monstrosity
 35653 | Elf:1    | Entered Level 1 of the Elven Halls
 35677 | Elf:1    | Reached skill level 10 in Fighting
 35693 | Elf:1    | Reached skill level 5 in Fire Magic
 35747 | Elf:1    | Offered knowledge of Permafrost Eruption by Vehumet.
 35753 | Elf:1    | Found a magical portal.
 35756 | Elf:1    | Identified the +0 pair of gloves "Negico" {^Contam rN++}
 35860 | WizLab   | Entered Lehudib's Moon Base
 35871 | WizLab   | Learned a level 6 spell: Permafrost Eruption
 35977 | WizLab   | Noticed a tentacled starspawn
 35986 | WizLab   | Killed a tentacled starspawn
 36099 | WizLab   | Reached skill level 10 in Necromancy
 36126 | WizLab   | Found a transporter.
 36144 | WizLab   | Noticed a tentacled starspawn
 36258 | WizLab   | Noticed a tentacled starspawn
 36306 | WizLab   | Killed a tentacled starspawn
 36319 | WizLab   | Killed a tentacled starspawn
 36630 | WizLab   | Noticed a tentacled starspawn
 36635 | WizLab   | Killed a tentacled starspawn
 36865 | WizLab   | Reached skill level 10 in Shields
 37405 | WizLab   | Identified the ring of Eternal Harmony {rElec rF+ Will+
                  | MP+9 SInv}
 37465 | WizLab   | Noticed a tentacled starspawn
 37472 | WizLab   | Killed a tentacled starspawn
 37984 | WizLab   | Noticed a tentacled starspawn
 37987 | WizLab   | Killed a tentacled starspawn
 37988 | WizLab   | Reached XP level 17. HP: 102/102 MP: 32/34
 38313 | WizLab   | Found a transporter.
 38385 | WizLab   | Noticed a moon troll
 38406 | WizLab   | Killed from afar by a moon troll

Illustrated notes

Levels and vault maps discovered:
D:1:      saegor_arrival_miasma, layout_basic, basic_ecumenical_altar,
          kennysheep_decorative_pillar, chequers_hall_statues_wall_a
D:2:      minmay_angry_zag, layout_basic, lexackson_kobold_supper,
          uniq_crazy_yiuf_cottage
D:3:      layout_basic, gammafunk_ghost_abyssal_escape, kennysheep_another_room,
          uniq_grinder
D:4:      layout_basic, general_overflow_altar,
          lemuel_mausoleum_altar_kikubaaqudgha,
          minmay_temple_entry_drinking_statues, interstate_on_off,
          minmay_ruined_shrine
D:5:      layout_basic, mainiacjoe_sewer_entry_somewhere_in_here_1,
          nicolae_shop_firing_range, uniq_prince_ribbit1
D:6:      layout_loops_corners
D:7:      layout_rooms, enter_bailey_2, kennysheep_path_1, eino_jars
D:8:      layout_basic, lemuel_crystal_altar, mainiacjoe_overflow_alcove_1,
          grunt_temple_overflow_open, david_lair_shrubbed, serial_shops,
          nicolae_stop_n_shop_1
D:9:      layout_basic, uniq_psyche
D:10:     layout_roguey, chequers_avenue, minivault_5, grunt_decor_mini_mirrors,
          uniq_harold
D:11:     layout_stronghold, david_orc_1_choice, uniq_josephine
D:12:     layout_layer_cave, nicolae_fort_ynox
D:13:     minmay_mutant_horseshoe, layout_basic, grunt_vaults_entry_tiered,
          serial_shops, shop_fountains
D:14:     layout_roguey, nicolae_tricolors, nicolae_uskayaw_en_pointe
D:15:     gammafunk_depths_entry_grave, layout_loops_ring, serial_shops,
          bzr_entry_lakeside, uniq_nessos
Temple:   nicolae_temple_bog_church
Lair:1:   layout_hall_layers
Lair:2:   layout_chaotic_city, spider_nest_entry_webs, enter_volcano_3,
          chequers_serial_rivers_micro_a, chequers_serial_rivers_small_a,
          grunt_megastairs_4
Lair:3:   layout_cave_pods, minmay_swamp_entry_swarm, minmay_holes,
          uniq_amaemon, uniq_gastronok
Lair:4:   layout_cave_pods, gauntlet_entry_generic
Lair:5:   due_jungle_book, layout_gridlike, dpeg_slime_entry_enclosed,
          portal_ice_cave_entry_animals_and_master, grunt_megastairs_5,
          lemuel_fruit_tree, serial_bayou_shore_b
Swamp:1:  layout_falls_marsh, evilmike_swamp_ruin_house_1
Orc:1:    layout_caves, serial_shops, shop
Orc:2:    grunt_orc_tribal_feast, layout_caves, basic_altar, serial_shops, shop,
          shop, nicolae_shop_peninsula, shop, shop
Elf:1:    minmay_elf_arrival_summoners, layout_geoelf_grid,
          lightli_enter_wizlab_magi_temple, serial_shops,
          nicolae_shop_dealshenge, minmay_elf_sorcery, minivault_4,
          nicolae_elf_stone_circles
WizLab:   wizlab_lehudib

Skill      XL: |  1  2  3  4  5  6  7  8  9 10 11 12 13 14 15 16 17 |
---------------+----------------------------------------------------+-----
Conjurations   | 5 6 7 8 9 10 11 12 | 12.3
Spellcasting   | 4 5 6 7 9 10 11 | 11.8
Alchemy        | 1 3 4 5 7 8 10 | 10.0
Fighting       | 2 4 5 7 8 9 10 | 10.2
Dodging        | 4 7 8 10 11 12 | 12.6
Shields        | 1 4 5 6 7 8 9 10 | 10.0
Evocations     | 4 7 8 9 10 | 10.0
Stealth        | 6 9 10 | 10.0
Necromancy     | 1 5 7 9 10 | 10.0
Earth Magic    | 1 4 6 8 9 |  9.6
Staves         | 2 4 6 7 8 |  8.1
Fire Magic     | 3 6 |  6.4

Action                     |  1- 3 |  4- 6 |  7- 9 | 10-12 | 13-15 | 16-18 || total
---------------------------+-------+-------+-------+-------+-------+-------++-------
  Melee: Flail             |       |     1 |    92 |   141 |     4 |       ||   238
         Staff             |       |       |       |       |   155 |   104 ||   259
  Throw: Dart              |       |       |       |     2 |     1 |       ||     3
   Cast: Magic Dart        |    62 |    60 |   151 |   108 |   317 |    85 ||   783
         Fulminant Prism   |       |     7 |    29 |    77 |   120 |    58 ||   291
         Searing Ray       |       |     5 |    33 |    14 |    15 |     7 ||    74
         Iskenderun's Myst |       |       |     6 |    48 |   113 |    36 ||   203
         Iskenderun's Batt |       |       |       |    25 |    63 |    15 ||   103
         Borgnjor's Vile C |       |       |       |       |     7 |    20 ||    27
         Freezing Cloud    |       |       |       |       |    30 |    30 ||    60
         Fireball          |       |       |       |       |    55 |    22 ||    77
         Permafrost Erupti |       |       |       |       |       |     7 ||     7
Ability: Evoke Blink       |       |       |       |       |     1 |       ||     1
  Evoke: Wand              |       |       |       |    19 |     4 |     4 ||    27
         Lightning rod     |       |       |       |       |     3 |       ||     3
         Tin of tremorston |       |       |       |       |       |     1 ||     1
    Use: Potion            |       |     1 |       |       |       |     2 ||     3
         Scroll            |       |       |    14 |    15 |     7 |     5 ||    41
   Stab: Sleeping          |       |       |     2 |       |       |     1 ||     3
         Distracted        |       |       |       |       |     2 |       ||     2
 Armour: Robe              |     5 |    11 |    79 |   179 |   178 |   105 ||   557
  Dodge: Dodged            |     4 |     6 |    76 |   246 |   283 |    94 ||   709
  Block: Buckler           |       |       |     1 |    72 |    99 |    39 ||   211

Table legend: (Time is in decaauts)
 A = Elapsed time spent in this place.
 B = Non-inter-level travel time spent in this place.
 C = Inter-level travel time spent in this place.
 D = Time resting spent in this place.
 E = Time spent auto-exploring this place.
 F = Levels seen in this place.
 G = Mean time per level.
                   A        B        C        D        E       F      G
               +--------+--------+--------+--------+--------+-----+--------+
         Total |  38501 |  36525 |   1976 |  11681 |  17999 |  32 | 1203.2 |
       Dungeon |  19094 |  18115 |    979 |   4402 |  11153 |  15 | 1272.9 |
        Temple |      1 |      1 |      0 |      0 |      0 |   1 |    1.0 |
          Lair |   9515 |   8779 |    736 |   2912 |   4124 |   5 | 1903.0 |
         Swamp |     28 |     28 |      0 |      0 |      0 |   1 |   28.0 |
  Orcish Mines |   2415 |   2155 |    260 |    896 |    984 |   2 | 1207.5 |
   Elven Halls |    204 |    204 |      0 |     67 |      0 |   1 |  204.0 |
        Bazaar |     53 |     53 |      0 |      0 |     13 |   1 |   53.0 |
         Sewer |    786 |    786 |      0 |    148 |    469 |   1 |  786.0 |
        Bailey |    913 |    913 |      0 |    539 |    143 |   1 |  913.0 |
      Ice Cave |   1514 |   1514 |      0 |    607 |    353 |   1 | 1514.0 |
       Volcano |    517 |    517 |      0 |    226 |     71 |   1 |  517.0 |
        Wizlab |   2544 |   2544 |      0 |   1368 |    583 |   1 | 2544.0 |
      Gauntlet |    909 |    909 |      0 |    516 |    106 |   1 |  909.0 |
               +--------+--------+--------+--------+--------+-----+--------+

Top non-repeatable levels by time:
  Lair:5: 3528 daAuts
  WizLab: 2544 daAuts
    D:12: 1928 daAuts
  Lair:3: 1894 daAuts
     D:8: 1721 daAuts
    D:11: 1593 daAuts
     D:4: 1574 daAuts
   Orc:2: 1565 daAuts
  Lair:2: 1561 daAuts
   IceCv: 1514 daAuts
  Lair:4: 1445 daAuts
     D:2: 1429 daAuts
     D:6: 1426 daAuts
     D:9: 1401 daAuts
    D:15: 1273 daAuts
